AoeStats
← Rafelso

Arabia

508235075Analyzed
1v1 RM · 12d ago on Sep 21, 2026· 77m 13s· 2 players
Game mode
Random Map
Map size
Tiny (2 player)
Population
200
Speed
Normal
Resources
Standard
Victory
Conquest
Starting age
Dark Age
Ending age
Imperial Age
RankedLock teamsTeams togetherTeam positionsShared explorationLock speedFull tech treeHidden civsTurbo modeCheats
Victory
Defeat
🇫🇷 Britons · France
1843
+13
🇩🇪 Japanese · Germany
1782
-13
waggfe
5:53 Loom
9:17 Feudal Age
9:21 Man-at-Arms
11:10 Double-Bit Axe
15:25 Fletching
21:31 Castle Age
20:18 Horse Collar
21:02 Gold Mining
22:13 Bodkin Arrow
22:29 Bow Saw
24:10 Ballistics
23:55 Padded Archer Armor
26:22 Elite Skirmisher
30:54 Leather Archer Armor
40:22 Imperial Age
39:09 Wheelbarrow
40:05 Stone Mining
40:28 Town Watch
42:11 Chemistry
41:42 Bracer
42:12 Ring Archer Armor
44:59 Yasama
45:56 Guard Tower
47:05 Thumb Ring
47:29 Scale Mail Armor
47:56 Heavy Plow
48:53 Scale Barding Armor
48:34 Cavalier
49:24 Bloodlines
50:36 Chain Barding Armor
51:16 Forging
52:31 Hand Cart
52:16 Light Cavalry
52:56 Husbandry
54:38 Capped Ram
63:39 Pikeman
64:20 Squires
65:22 Chain Mail Armor
67:21 Plate Mail Armor
68:21 Gold Shaft Mining
73:41 Two-Man Saw
75:01 Halberdier
Rafelso
6:00 Loom
8:46 Feudal Age
9:29 Double-Bit Axe
11:52 Town Watch
14:33 Fletching
23:00 Castle Age
22:44 Horse Collar
23:12 Crossbowman
23:48 Bodkin Arrow
24:09 Bow Saw
26:03 Ballistics
26:30 Padded Archer Armor
26:50 Heavy Plow
28:16 Scale Barding Armor
29:56 Wheelbarrow
30:07 Chain Barding Armor
31:26 Gold Mining
31:26 Stone Mining
35:20 Leather Archer Armor
39:48 Imperial Age
38:37 Hand Cart
39:46 Yeomen
39:46 Scale Mail Armor
40:26 Gold Shaft Mining
39:41 Stone Mining
40:16 Town Patrol
40:30 Bracer
41:31 Chemistry
42:01 Gold Shaft Mining
41:16 Stone Mining
41:53 Conscription
41:12 Elite Longbowman
42:59 Two-Man Saw
42:59 Ring Archer Armor
43:20 Hoardings
43:59 Plate Barding Armor
43:52 Husbandry
44:26 Warwolf
45:35 Masonry
45:33 Siege Engineers
47:10 Architecture
47:45 Fortified Wall
49:19 Murder Holes
53:58 Treadmill Crane
56:56 Careening
56:56 Clinker Construction
57:06 Shipwright
56:52 Siphons
56:37 Heated Shot
56:37 Guard Tower
56:34 Arrowslits
57:00 Forging
56:50 Scale Mail Armor
56:12 Man-at-Arms
56:52 Squires
59:58 Iron Casting
60:15 Carvel Hull
59:16 Long Swordsman
59:16 Pikeman
59:41 Gambesons
59:41 Arson
59:19 Light Cavalry
59:59 Sappers
61:24 Chain Mail Armor
62:44 Blast Furnace
61:41 Two-Handed Swordsman
63:21 Plate Mail Armor
68:13 Keep
67:58 Dry Dock
67:01 Champion
67:01 Halberdier
67:03 Arbalester
67:03 Elite Skirmisher
69:11 Elite Skirmisher
69:11 Heavy Cavalry Archer
71:52 Capped Ram
71:52 Onager
71:53 Heavy Scorpion
Connection lost

Rejoining the realm…

Still unreachable

The connection could not be restored.

Session expired

The server has moved on; the page needs a fresh start.